 Dungeon Crawl Stone Soup version 0.30-a0-760-g5a9884bb7c (webtiles) character file.

Game seed: 3027248666367429385

165 BigDaddyOpFi the Trooper (level 5, 0/47 HPs)
             Began as a Hill Orc Monk on Feb 10, 2023.
             Slain by Crazy Yiuf
             ... wielding a +4 quarterstaff of chaos
              (13 damage)
             ... on level 2 of the Dungeon.
             The game lasted 00:01:42 (2076 turns).

BigDaddyOpFi the Trooper (Hill Orc Monk)            Turns: 2076, Time: 00:01:42

Health: 0/47       AC:  2    Str: 16    XL:     5   Next: 46%
Magic:  5/5        EV: 13    Int: 10    God:
Gold:   143        SH:  0    Dex: 13    Spells: 4/4 levels left

rFire   . . .      SeeInvis .    j - +2 quarterstaff (spect)
rCold   . . .      Faith    .    (shield currently unavailable)
rNeg    . . .      Spirit   .    b - +0 robe
rPois   .          Reflect  .    (no helmet)
rElec   .          Harm     .    (no cloak)
rCorr   .          Rampage  .    (no gloves)
Will    .....                    (no boots)
Stlth   +                        (no amulet)
HPRegen 0.27/turn                (no ring)
MPRegen 0.09/turn                (no ring)

@: confused, ambrosia-drunk
A: no striking features
a: no special abilities


You were on level 2 of the Dungeon.
You visited 1 branch of the dungeon, and saw 2 of its levels.

You collected 143 gold pieces.

Inventory:

Hand Weapons
 a - a +0 hand axe
 j - a +2 spectral quarterstaff (weapon)
Armour
 b - a +0 robe (worn)
Jewellery
 n - an amulet of the acrobat
Wands
 o - a wand of light (13)
Scrolls
 e - a scroll of teleportation {unknown}
 k - a scroll of amnesia {unknown}
 l - 2 scrolls of identify {unknown}
 m - a scroll of blinking {unknown}
 p - a scroll of noise {unknown}
Potions
 d - 2 potions of cancellation {unknown}
 f - a potion of mutation {unknown}
 g - 2 potions of heal wounds {unknown}
 h - 3 potions of curing {unknown}
 i - a potion of lignification {unknown}
 q - a potion of invisibility {unknown}
 r - a potion of attraction {unknown}
 s - a potion of flight {unknown}


   Skills:
 + Level 4.8 Fighting
 - Level 4.4(4.7) Axes
 + Level 1.9(3.0) Polearms
 + Level 3.2 Dodging
 + Level 2.7 Stealth


You had 4 spell levels left.
You didn't know any spells.
Your spell library contained the following spells:

 Spells                   Type           Power      Damage    Failure   Level
 Yara's Violent Unravell  Hex/Tmut       0%         3d3       100%        5
 Enfeeble                 Hex            0%         N/A       100%        7


Dungeon Overview and Level Annotations

Branches:
Dungeon (2/15)

Altars:

Annotations:
D:2 Crazy Yiuf


Message History

Key pressed, stopping explore.
No target in view!
There is a stone staircase leading down here.
Key pressed, stopping explore.
No target in view!
No target in view!
You see here a +0 leather armour.
You see here a +0 shortbow.
A goblin comes into view. It is wielding a +0 dagger.
A goblin is nearby!
The goblin barely misses you.
A goblin is nearby!
You sock the goblin!
You kill the goblin!
You see here a +0 dagger.
Crazy Yiuf shouts!
Crazy Yiuf screams, "Rifle pontify shoe!"
Crazy Yiuf twirls on the spot.
Crazy Yiuf waves his quarterstaff at you.
No reachable target in view!
Could not explore, unopened runed door.
No reachable target in view!
Could not explore, unopened runed door.
No reachable target in view!
You open the door. You hit Crazy Yiuf but do no damage.
Crazy Yiuf says, "Crazy?
Crazy!?
PORCUPINE!"
Crazy Yiuf hits you with a +4 quarterstaff of chaos!
You blink.
Crazy Yiuf attacks as you move away!
Crazy Yiuf hits you with a +4 quarterstaff of chaos.
You are electrocuted!
You hit Crazy Yiuf but do no damage.
Your +2 spectral quarterstaff hits Crazy Yiuf.
Crazy Yiuf hits you with a +4 quarterstaff of chaos!
* * * LOW HITPOINT WARNING * * *
You are confused.
You feel invigorated.
Crazy Yiuf hits you with a +4 quarterstaff of chaos!
You die...

.## ##.#####.# #..#
#.# #.. #.###...##
#.#
#..#######.####..
.†.......# #.#
#.>........##....
#.#..##### ###
#############.#.#
#.#..# ### #.#.#
#.#..####### #.#
#.#.#
#........#.########
#.### #.#.#
........P.#..##...#
#...#####.#.#
###.....P####.'g@.#
#.#.........#
##....## ###§.)#
#...#####.###
###### ##### #..##
#.# ###### #..# #.#
.....# #..# #.#
.....## #..# #.#
#####.# #..# #.#
#.# #..######.#
#####.# #.........#


You could see Crazy Yiuf.

Vanquished Creatures
  Natasha (thrice) (D:2)
  3 adders (D:2)
  A worm (D:2)
  3 dart slugs (D:1)
  An endoplasm (D:1)
  5 giant cockroaches
  6 goblins
  4 hobgoblins (D:1)
  5 jackals (D:1)
  3 quokkas (D:1)
  2 ball pythons (D:1)
  4 bats (D:2)
  3 frilled lizards (D:1)
  4 kobolds (D:1)
  7 rats
54 creatures vanquished.

Vanquished Creatures (others)
  4 fungi (D:2)
  6 plants (D:2)
10 creatures vanquished.

Grand Total: 64 creatures vanquished

Notes
Turn   | Place    | Note
-------+----------+-------------------------------------------
     0 | D:1      | BigDaddyOpFi the Hill Orc Monk began the quest for the Orb.
     0 | D:1      | Reached XP level 1. HP: 19/19 MP: 1/1
    54 | D:1      | Reached XP level 2. HP: 13/27 MP: 2/2
   389 | D:1      | Reached XP level 3. HP: 21/33 MP: 3/3
  1371 | D:2      | Noticed Natasha
  1376 | D:2      | Killed Natasha
  1377 | D:2      | Reached skill level 1 in Polearms
  1377 | D:2      | Reached XP level 4. HP: 35/41 MP: 4/4
  1561 | D:2      | Noticed Natasha
  1568 | D:2      | Killed Natasha
  1569 | D:2      | Reached XP level 5. HP: 32/47 MP: 5/5
  1773 | D:2      | Noticed Natasha
  1785 | D:2      | Found a faded altar of an unknown god.
  1789 | D:2      | Killed Natasha
  1916 | D:2      | Found a runed translucent door.
  1917 | D:2      | Noticed Crazy Yiuf
  2076 | D:2      | Slain by Crazy Yiuf

Illustrated notes

Levels and vault maps discovered:
D:1:      tarquinn_simple_flora_water_e, layout_rooms, kennysheep_minor_cross,
          minmay_unequal
D:2:      minmay_chambers_of_twos, layout_loops_ring,
          shapermc_ecumenical_altar_mp_urbaneastern, uniq_natasha,
          uniq_crazy_yiuf_cottage

Skill      XL: |  1  2  3  4 |
---------------+-------------+-----
Fighting       | 4 |  4.8
Stealth        | 2 |  2.7
Polearms       | 1 |  1.9
Dodging        | 3 |  3.2
Axes           | |  4.4

Action                     |  1- 3 |  4- 6 || total
---------------------------+-------+-------++-------
  Melee: Hand axe          |    74 |       ||    74
         Punch             |     1 |       ||     1
         Quarterstaff      |    44 |    23 ||    67
    Use: Potion            |     1 |     1 ||     2
   Stab: Sleeping          |     2 |     1 ||     3
 Armour: Robe              |    23 |     2 ||    25
  Dodge: Dodged            |    88 |     9 ||    97

Table legend: (Time is in decaauts)
 A = Elapsed time spent in this place.
 B = Non-inter-level travel time spent in this place.
 C = Inter-level travel time spent in this place.
 D = Time resting spent in this place.
 E = Time spent auto-exploring this place.
 F = Levels seen in this place.
 G = Mean time per level.
                   A        B        C        D        E       F      G
               +--------+--------+--------+--------+--------+-----+--------+
         Total |   2101 |   2071 |     30 |      0 |   1705 |   2 | 1050.5 |
       Dungeon |   2101 |   2071 |     30 |      0 |   1705 |   2 | 1050.5 |
               +--------+--------+--------+--------+--------+-----+--------+

Top non-repeatable levels by time:
     D:2: 1163 daAuts
     D:1: 937 daAuts
